 Dungeon Crawl Stone Soup version 0.23.2-30-g0e89c35649 (webtiles) character file.

Game seed: 3650461598120498759

58 Solarlg the Chopper (level 3, -3/31 HPs)
             Began as a Draconian Berserker on June 10, 2019.
             Was a Follower of Trog.
             Slain by a gnoll
             ... wielding a cursed -1 spear
              (9 damage)
             ... on level 2 of the Dungeon.
             The game lasted 00:03:24 (1809 turns).

Solarlg the Chopper (Draconian Berserker)           Turns: 1809, Time: 00:03:26

Health: -3/31      AC:  5    Str: 20    XL:     3   Next: 75%
Magic:  3/3        EV: 12    Int:  7    God:    Trog [*.....]
Gold:   119        SH:  0    Dex: 10    Spells: 2/2 levels left

rFire    . . .     SeeInvis .   a - +0 hand axe
rCold    . . .     Gourm    .   (no shield)
rNeg     . . .     Faith    .   (armour unavailable)
rPois    .         Spirit   .   (helmet restricted)
rElec    .         Reflect  .   (no cloak)
rCorr    .         Harm     .   (no gloves)
MR       .....                  (no boots)
Stlth    +.........             (no amulet)
HPRegen  0.10/turn              (no ring)
MPRegen  0.08/turn              (no ring)

@: no status effects
A: unfitting armour, cold-blooded, AC +5
a: Berserk, Renounce Religion


You were on level 2 of the Dungeon.
You worshipped Trog.
Trog was aware of your devotion.
You were not hungry.

You visited 1 branch of the dungeon, and saw 2 of its levels.

You collected 119 gold pieces.

Inventory:

Hand Weapons
 a - a +0 hand axe (weapon)
 h - a +0 hunting sling
Armour
 g - a +0 helmet
Scrolls
 d - a scroll of enchant weapon
 f - a scroll of random uselessness {unknown}
 i - a scroll of remove curse {unknown}
 j - a scroll of immolation {unknown}
 l - 2 scrolls of identify
 m - a scroll of magic mapping {unknown}
 n - a scroll of noise {unknown}
 p - a scroll of teleportation {unknown}
Potions
 c - 2 potions of curing {unknown}
 e - a potion of flight {unknown}
 k - a potion of invisibility {unknown}
 o - a potion of haste {unknown}
Comestibles
 b - 5 rations


   Skills:
 - Level 3.5 Fighting
 + Level 4.4 Axes
 - Level 2.8 Dodging


You had 2 spell levels left.
You didn't know any spells.
Your spell library was empty.

Dungeon Overview and Level Annotations

Branches:
Dungeon (2/15)

Altars:


Innate Abilities, Weirdness & Mutations

Your plain brown scales are hard. (AC +5)
You cannot fit into any form of body armour.
You are cold-blooded and may be slowed by cold attacks.


Message History

You climb upwards.
There is a stone staircase leading down here.
You eat one of the 6 rations.
That ration really hit the spot!
You start resting.
HP restored.
As you read the scroll labeled EPSUNI MISSIY, it crumbles to dust.
It is a scroll of identify.
d - a scroll of enchant weapon You climb downwards.
The gnoll hits you from afar with a +0 spear.
There is a stone staircase leading up here.
The gnoll hits you from afar with a +0 spear.
You slash the gnoll!
Your tail-slap misses the gnoll.
The gnoll is severely wounded.
The gnoll barely misses you.
The gnoll hits you from afar with a +0 halberd!
The gnoll hits you from afar with a +0 spear!
* * * LOW HITPOINT WARNING * * *
The gnoll hits you with a cursed -1 spear!
You die...

#g#### #.# # ####### #g#
# #.....# #.#
############.###.####g#
†..(.(....)...)....##.###
############.#...)..#...#
#.#.#<#..###g# ..#.#@)..#
#g# .###.#g.g.# #.# #.
#.#).g.# #g# # #.#....#
#.# #.#....###.#
#.#........# #####
#.##.####### ..... ....
####. ####.


You could see 3 gnolls.

Vanquished Creatures
  3 adders (D:2)
  A worm (D:2)
  A dart slug (D:1)
  A giant cockroach (D:1)
  4 hobgoblins
  4 jackals (D:2)
  A ball python (D:1)
  A bat (D:2)
  2 frilled lizards (D:2)
  5 goblins
  A kobold (D:2)
  2 rats (D:1)
26 creatures vanquished.

Notes
Turn   | Place    | Note
-------+----------+-------------------------------------------
     0 | D:1      | Solarlg the Draconian Berserker began the quest for the
                  | Orb.
     0 | D:1      | Reached XP level 1. HP: 19/19 MP: 1/1
   270 | D:1      | Reached XP level 2. HP: 23/26 MP: 2/2
   517 | D:2      | Found a faded altar of an unknown god.
   544 | D:2      | Reached XP level 3. HP: 15/31 MP: 3/3
   829 | D:2      | Reached skill level 4 in Axes
  1809 | D:2      | Slain by a gnoll

Skill      XL: |  1  2  3 |
---------------+----------+-----
Axes           | 4 |  4.4
Fighting       | |  3.5
Dodging        | |  2.8

Action                   || total
-------------------------++-------
Melee: Hand axe          ||    90
       Tailslap          ||    12
  Use: Scroll            ||     1
  Eat: Ration            ||     1
       Chunk             ||     1
Armor: Skin              ||    20
Dodge: Dodged            ||    67
